 Dungeon Crawl Stone Soup version 0.30-a0-377-g5cb311bc9f (webtiles) character file.

Game seed: 11546135877833601952

620 p00ps00p the Shield-Bearer (level 7, -3/60 HPs)
             Began as a Gnoll Fighter on Nov 29, 2022.
             Slain by Duvessa
             ... wielding a +2 short sword of venom
              (11 damage)
             ... on level 4 of the Dungeon.
             The game lasted 00:09:41 (3074 turns).

p00ps00p the Shield-Bearer (Gnoll Fighter)          Turns: 3074, Time: 00:09:42

Health: -3/60      AC: 15    Str: 18    XL:     7   Next: 46%
Magic:  0/10       EV:  6    Int: 14    God:
Gold:   301        SH:  9    Dex: 13    Spells: 11/11 levels left

rFire   . . .      SeeInvis .    e - +7 hand axe of Fecoe {vorpal, Dex+2}
rCold   . . .      Faith    .    t - +3 buckler of Life {rCorr Int+4}
rNeg    . . .      Spirit   +    h - +1 plate armour "Pophi" {Int+3}
rPois   .          Reflect  .    (no helmet)
rElec   .          Harm     .    o - +0 cloak
rCorr   +          Rampage  .    (no gloves)
Will    .....                    (no boots)
Stlth   ..........               i - amulet of guardian spirit
HPRegen 0.30/turn                (no ring)
MPRegen 0.12/turn                (no ring)

@: mighty, lit by a corona, glowing
A: fangs 1, strong nose, distributed training
a: no special abilities


You were on level 4 of the Dungeon.
You visited 1 branch of the dungeon, and saw 4 of its levels.

You collected 301 gold pieces.

Inventory:

Hand Weapons
 a - a +1 war axe
 e - the +7 hand axe of Fecoe (weapon) {vorpal, Dex+2}
   (You found it on level 3 of the Dungeon)

   It inflicts extra damage upon your enemies.
   Dex:       It affects your dexterity (+2).
Missiles
 m - 9 poisoned darts (quivered)
Armour
 b - a +0 scale mail
 c - a +0 buckler
 h - the +1 plate armour "Pophi" (worn) {Int+3}
   (You found it on level 3 of the Dungeon)

   Int:       It affects your intelligence (+3).
 o - a +0 cloak (worn)
 q - a +3 ring mail of fire resistance
 t - the +3 buckler of Life (worn) {rCorr Int+4}
   (You found it on level 4 of the Dungeon)

   Int:       It affects your intelligence (+4).
   rCorr:     It protects you from acid and corrosion.
Jewellery
 g - a ring of ice
 i - an amulet of guardian spirit (around neck)
Wands
 r - a wand of roots (2)
Scrolls
 j - a scroll of teleportation
 l - 5 scrolls of identify
Potions
 f - a potion of curing
 k - a potion of lignification
 n - a potion of cancellation
 p - a potion of brilliance
 s - a potion of flight {unknown}
 u - 2 potions of mutation {unknown}


   Skills:
 + Level 7.1 Fighting
 + Level 2.6 Short Blades
 + Level 2.6 Long Blades
 + Level 5.3 Axes
 + Level 2.6 Maces & Flails
 + Level 2.6 Polearms
 + Level 2.6 Staves
 + Level 2.6 Ranged Weapons
 + Level 2.6 Throwing
 + Level 7.1 Armour
 + Level 2.6 Dodging
 + Level 2.6 Stealth
 + Level 7.1 Shields
 + Level 2.6 Unarmed Combat
 + Level 2.6 Spellcasting
 + Level 2.1 Conjurations
 + Level 2.1 Hexes
 + Level 2.1 Summonings
 + Level 2.1 Necromancy
 + Level 2.1 Translocations
 + Level 2.1 Transmutations
 + Level 2.1 Fire Magic
 + Level 2.1 Ice Magic
 + Level 2.1 Air Magic
 + Level 2.1 Earth Magic
 + Level 2.1 Poison Magic
 + Level 2.9 Invocations
 + Level 2.6 Evocations


You had 11 spell levels left.
You didn't know any spells.
Your spell library contained the following spells:

 Spells                   Type           Power      Damage    Failure   Level
 Apportation              Tloc           14%        N/A       98%         1
 Ensorcelled Hibernation  Hex/Ice        14%        N/A       99%         2
 Passwall                 Tmut/Erth      5%         N/A       99%         2
 Ozocubu's Armour         Ice            7%         N/A       100%        3
 Swiftness                Air            7%         N/A       100%        3
 Alistair's Intoxication  Tmut/Pois      4%         N/A       100%        5
 Ozocubu's Refrigeration  Ice            3%         4d8       100%        7


Dungeon Overview and Level Annotations

Branches:
Dungeon (4/15)
 Temple: D:4-7

Altars:
Okawaru
Trog
Xom

Annotations:
D:4 Duvessa


Innate Abilities, Weirdness & Mutations

You have very sharp teeth.
Your uncanny sense of smell can sniff out nearby items.
Your experience applies equally to all skills.


Message History

You kill Dowan!
Duvessa screams in rage.
Duvessa goes berserk!
You feel very sick. You block Duvessa's attack. x2
You barely miss Duvessa.
Duvessa is heavily wounded.
You feel sick. You block Duvessa's attack.
Duvessa hits you with a +2 short sword of venom!
* * * LOW HITPOINT WARNING * * *
Unknown command.
You slash Duvessa!
Duvessa is severely wounded.
You feel sick. You block Duvessa's attack.
You feel better. You block Duvessa's attack. Duvessa barely misses you.
You feel very mighty all of a sudden. You block Duvessa's attack.
Unknown command.
You slash Duvessa!
Duvessa is almost dead.
Duvessa hits you with a +2 short sword of venom!
You are poisoned.
Duvessa hits you with a +2 short sword of venom.
* * * LOW HITPOINT WARNING * * *
You hit Duvessa but do no damage.
Duvessa is almost dead.
You feel very sick.
Duvessa hits you with a +2 short sword of venom!
* * * LOW HITPOINT WARNING * * *
You are more poisoned.
You hit Duvessa.
Duvessa is almost dead.
* * * LOW HITPOINT WARNING * * *
You feel very sick. Duvessa hits you but does no damage.
You are more poisoned.
You block Duvessa's attack.
You feel better.
Duvessa hits you with a +2 short sword of venom!
You die...

.............. ##
........................
#.
####..[........!........
.####.
#####...............
...... #...$........#
...... #..$.......#
#...## #.........###
#... #....e)....## ...
#....@....... ..
#............
##........####
#........## #....##...#
#...## #...# ...# #.†.#
## ..# ##..# .. .# #..##
..


You could see Duvessa (berserk, fast).

Vanquished Creatures
  Eustachio (D:4)
  Menkaure (D:4)
  Dowan (D:4)
  A jelly (D:3)
  2 orc priests (D:4)
  Ijyb (D:3)
  Natasha (thrice) (D:3)
  Terence (D:2)
  4 adders
  A worm (D:3)
  A dart slug (D:2)
  5 orcs
  6 ball pythons
  3 endoplasms (D:1)
  2 giant cockroaches
  8 goblins
  5 hobgoblins
  10 jackals
  7 quokkas
  4 bats
  8 kobolds
  6 rats
81 creatures vanquished.

Vanquished Creatures (others)
  2 fungi (D:1)
  2 plants (D:1)
4 creatures vanquished.

Grand Total: 85 creatures vanquished

Notes
Turn   | Place    | Note
-------+----------+-------------------------------------------
     0 | D:1      | p00ps00p the Gnoll Fighter began the quest for the Orb.
     0 | D:1      | Reached XP level 1. HP: 23/23 MP: 1/1
    81 | D:1      | Reached XP level 2. HP: 26/29 MP: 2/2
   306 | D:1      | Reached XP level 3. HP: 35/35 MP: 3/3
   375 | D:1      | Found a faded altar of an unknown god.
   576 | D:1      | Reached skill level 1 in Invocations
   650 | D:2      | Found a shimmering altar of Xom.
   879 | D:2      | Reached skill level 1 in Short Blades
   879 | D:2      | Reached skill level 1 in Long Blades
   879 | D:2      | Reached skill level 1 in Maces & Flails
   879 | D:2      | Reached skill level 1 in Polearms
   879 | D:2      | Reached skill level 1 in Staves
   879 | D:2      | Reached skill level 1 in Ranged Weapons
   879 | D:2      | Reached skill level 1 in Throwing
   879 | D:2      | Reached skill level 1 in Dodging
   879 | D:2      | Reached skill level 1 in Stealth
   879 | D:2      | Reached skill level 1 in Unarmed Combat
   879 | D:2      | Reached skill level 1 in Spellcasting
   879 | D:2      | Reached skill level 1 in Evocations
  1131 | D:2      | Reached XP level 4. HP: 41/41 MP: 5/5
  1194 | D:2      | You fall into a shaft and drop 1 floor!
  1488 | D:3      | Noticed Terence
  1488 | D:3      | Noticed Ijyb
  1495 | D:2      | Killed Terence
  1496 | D:2      | Reached skill level 1 in Conjurations
  1496 | D:2      | Reached skill level 1 in Hexes
  1496 | D:2      | Reached skill level 1 in Summonings
  1496 | D:2      | Reached skill level 1 in Necromancy
  1496 | D:2      | Reached skill level 1 in Translocations
  1496 | D:2      | Reached skill level 1 in Transmutations
  1496 | D:2      | Reached skill level 1 in Fire Magic
  1496 | D:2      | Reached skill level 1 in Ice Magic
  1496 | D:2      | Reached skill level 1 in Air Magic
  1496 | D:2      | Reached skill level 1 in Earth Magic
  1496 | D:2      | Reached skill level 1 in Poison Magic
  1776 | D:3      | Noticed Natasha
  1785 | D:3      | Killed Natasha
  1788 | D:3      | Killed Ijyb
  1789 | D:3      | Reached XP level 5. HP: 5/47 MP: 2/7
  1792 | D:3      | Noticed Natasha
  1793 | D:3      | HP: 2/47 [Natasha/magic dart (5)]
  1811 | D:4      | Noticed Menkaure
  2012 | D:3      | Identified the +7 hand axe of Fecoe {vorpal, Dex+2}
  2043 | D:3      | Identified the +1 plate armour "Pophi" {Int+3}
  2223 | D:3      | Found a bloodstained altar of Trog.
  2336 | D:3      | Killed Natasha
  2350 | D:3      | Reached XP level 6. HP: 47/53 MP: 8/8
  2432 | D:3      | Noticed Natasha
  2439 | D:3      | Killed Natasha
  2440 | D:3      | Reached skill level 5 in Axes
  2547 | D:3      | Found an iron altar of Okawaru.
  2632 | D:4      | Identified the +3 buckler of Life {rCorr Int+4}
  2808 | D:4      | Noticed Eustachio
  2842 | D:4      | Killed Eustachio
  2843 | D:4      | Reached XP level 7. HP: 45/60 MP: 10/10
  3057 | D:4      | Noticed Dowan
  3058 | D:4      | Noticed Duvessa
  3062 | D:4      | Killed Menkaure
  3066 | D:4      | Killed Dowan
  3073 | D:4      | HP: 2/60 [poisoned by Duvessa]
  3074 | D:4      | Slain by Duvessa

Illustrated notes

Levels and vault maps discovered:
D:1:      dpeg_arrival_arbitrary_c, layout_basic,
          shapermc_ecumenical_altar_mp_urbaneastern, minmay_surrounded
D:2:      layout_basic, basic_altar, dreamdust_wishing_well, minmay_pentomino_p4
D:3:      layout_basic, mainiacjoe_overflow_paths,
          mainiacjoe_overflow_surrounded_room, minmay_quadrilaterals,
          uniq_terence, uniq_ijyb, uniq_natasha
D:4:      layout_layer_cave, nicolae_wu_jian_glorious_leap, uniq_duvessa,
          uniq_eustachio, uniq_menkaure

Skill      XL: |  1  2  3  4  5  6  7 |
---------------+----------------------+-----
Invocations    | 1 2 |  2.9
Short Blades   | 1 2 |  2.6
Long Blades    | 1 2 |  2.6
Maces & Flails | 1 2 |  2.6
Polearms       | 1 2 |  2.6
Staves         | 1 2 |  2.6
Ranged Weapons | 1 2 |  2.6
Throwing       | 1 2 |  2.6
Dodging        | 1 2 |  2.6
Stealth        | 1 2 |  2.6
Unarmed Combat | 1 2 |  2.6
Spellcasting   | 1 2 |  2.6
Evocations     | 1 2 |  2.6
Conjurations   | 1 2 |  2.1
Hexes          | 1 2 |  2.1
Summonings     | 1 2 |  2.1
Necromancy     | 1 2 |  2.1
Translocations | 1 2 |  2.1
Transmutations | 1 2 |  2.1
Fire Magic     | 1 2 |  2.1
Ice Magic      | 1 2 |  2.1
Air Magic      | 1 2 |  2.1
Earth Magic    | 1 2 |  2.1
Poison Magic   | 1 2 |  2.1
Axes           | 5 |  5.3
Fighting       | 7 |  7.1
Armour         | 7 |  7.1
Shields        | 7 |  7.1

Action                   |  1- 3 |  4- 6 |  7- 9 || total
-------------------------+-------+-------+-------++-------
Melee: War axe           |    90 |    25 |       ||   115
       Bite              |    16 |     9 |     4 ||    29
       Hand axe          |       |    72 |    24 ||    96
  Use: Scroll            |       |    10 |       ||    10
       Potion            |       |       |     3 ||     3
Armor: Scale mail        |    44 |     8 |       ||    52
       Ring mail         |       |    23 |       ||    23
       Plate armour      |       |    62 |     5 ||    67
Dodge: Dodged            |    45 |    52 |     3 ||   100
Block: Buckler           |    34 |    45 |    13 ||    92

Table legend: (Time is in decaauts)
 A = Elapsed time spent in this place.
 B = Non-inter-level travel time spent in this place.
 C = Inter-level travel time spent in this place.
 D = Time resting spent in this place.
 E = Time spent auto-exploring this place.
 F = Levels seen in this place.
 G = Mean time per level.
                   A        B        C        D        E       F      G
               +--------+--------+--------+--------+--------+-----+--------+
         Total |   3128 |   3046 |     82 |    384 |   1899 |   4 |  782.0 |
       Dungeon |   3128 |   3046 |     82 |    384 |   1899 |   4 |  782.0 |
               +--------+--------+--------+--------+--------+-----+--------+

Top non-repeatable levels by time:
     D:2: 1047 daAuts
     D:3: 960 daAuts
     D:1: 628 daAuts
     D:4: 492 daAuts
